| TOP OF THE 1ST |
|
Bozeman Pheasants batting - Pitching for Magic Valley Magicians : RHP Kevin Aitcheson
|
|
Pitching: RHP Kevin Aitcheson
|
|
|
Batting: LHB Kal Daniels
|
0-0: Called Strike 0-1: Ball 1-1: Ball 2-1: Fly out, F8 (Line Drive, 8RD, EV 93.1 MPH)
|
|
Batting: SHB Marlin Methven
|
0-0: Ground out 4-3 (Groundball, 4M, EV 101.9 MPH)
|
|
Batting: LHB Fred McGriff
|
0-0: Ball 1-0: Foul Ball, location: 2F 1-1: Ball 2-1: Ball 3-1: Fly out, F3 (Flyball, 3D, EV 88.1 MPH)
|
| Top of the 1st over - 0 runs, 0 hits, 0 errors, 0 left on base; Bozeman 0 - Magic Valley 0 |
| BOTTOM OF THE 1ST |
|
Magic Valley Magicians batting - Pitching for Bozeman Pheasants : RHP Jim Gott
|
|
Pitching: RHP Jim Gott
|
|
|
Batting: RHB Willie Lozado
|
0-0: Ball 1-0: SINGLE (Groundball, 56, EV 95.6 MPH) (infield hit)
|
|
Batting: RHB Marlin McPhail
|
0-0: Called Strike 0-1: Foul Ball, location: 2F 0-2: Ball 1-2: Ball 2-2: Ball Willie Lozado steals 2nd base 3-2: SINGLE (Line Drive, 8RS, EV 107.5 MPH) Willie Lozado to third Runner from 3rd tries for Home, SAFE, throw by CF to home
|
|
Batting: RHB Matt Cimo
|
0-0: Grounds into double play, 6-4-3 (Groundball, 6M, EV 83.8 MPH)
|
|
Batting: RHB Jason Felice
|
0-0: Swinging Strike 0-1: Ball 1-1: Ball 2-1: Called Strike 2-2: Fly out, F8 (Flyball, 89S, EV 86.9 MPH)
|
| Bottom of the 1st over - 1 run, 2 hits, 0 errors, 0 left on base; Bozeman 0 - Magic Valley 1 |
| TOP OF THE 2ND |
|
Bozeman Pheasants batting - Pitching for Magic Valley Magicians : RHP Kevin Aitcheson
|
|
Batting: RHB Terry McGriff
|
0-0: SINGLE (Groundball, 6MD, EV 99.4 MPH)
|
|
Batting: LHB Russ Orrick
|
0-0: Foul Ball, location: 2F 0-1: Ball 1-1: Ball 2-1: Ball 3-1: Base on Balls Terry McGriff to second
|
|
Batting: LHB Billy Fink
|
0-0: Ball 1-0: Called Strike 1-1: Grounds into double play, 4-6-3 (Groundball, 4M, EV 88.1 MPH) Terry McGriff to third
|
|
Batting: RHB Tom Duggan
|
0-0: Foul Ball, location: 2F 0-1: Ball Wild Pitch! Terry McGriff scores 1-1: Foul Ball, location: 2F 1-2: Ball 2-2: Ball 3-2: Ground out 6-3 (Groundball, 6, EV 101.3 MPH)
|
| Top of the 2nd over - 1 run, 1 hit, 0 errors, 0 left on base; Bozeman 1 - Magic Valley 1 |
| BOTTOM OF THE 2ND |
|
Magic Valley Magicians batting - Pitching for Bozeman Pheasants : RHP Jim Gott
|
|
Batting: RHB Terry Steinbach
|
0-0: Fly out, F9 (Flyball, 9LD, EV 95.6 MPH)
|
|
Batting: RHB Kevin Ward
|
0-0: Swinging Strike 0-1: Ball 1-1: Called Strike 1-2: Ball 2-2: Foul Ball, location: 2F 2-2: Strikes out swinging
|
|
Batting: RHB Hank Landers
|
0-0: Ball 1-0: Ball 2-0: Fly out, F7 (Flyball, 78S, EV 78.8 MPH)
|
| Bottom of the 2nd over - 0 runs, 0 hits, 0 errors, 0 left on base; Bozeman 1 - Magic Valley 1 |
| TOP OF THE 3RD |
|
Bozeman Pheasants batting - Pitching for Magic Valley Magicians : RHP Kevin Aitcheson
|
|
Batting: RHB Greg Toler
|
0-0: Called Strike 0-1: Fly out, F7 (Line Drive, 7, EV 94.4 MPH)
|
|
Batting: RHB John Duncan
|
0-0: Ball 1-0: Ball 2-0: Ground out 4-3 (Groundball, 4, EV 85.6 MPH)
|
|
Batting: LHB Kal Daniels
|
0-0: Called Strike 0-1: Ball 1-1: Ball 2-1: Ball 3-1: Swinging Strike 3-2: Base on Balls
|
|
Batting: SHB Marlin Methven
|
0-0: Ball 1-0: Called Strike Kal Daniels steals 2nd base 1-1: Ball 2-1: Ball 3-1: Fly out, F7 (Flyball, 7, EV 95.0 MPH)
|
| Top of the 3rd over - 0 runs, 0 hits, 0 errors, 1 left on base; Bozeman 1 - Magic Valley 1 |
| BOTTOM OF THE 3RD |
|
Magic Valley Magicians batting - Pitching for Bozeman Pheasants : RHP Jim Gott
|
|
Batting: RHB Terry Edwards
|
0-0: Ball 1-0: SOLO HOME RUN (Flyball, 7LD, EV 102.5 MPH), Distance : 358 ft
|
|
Batting: RHB James Dennett
|
0-0: Called Strike 0-1: Foul Ball, location: 2F 0-2: Ball 1-2: Strikes out looking
|
|
Batting: RHB Willie Lozado
|
0-0: Ground out 4-3 (Groundball, 4MS, EV 85.6 MPH)
|
|
Batting: RHB Marlin McPhail
|
0-0: Ball 1-0: Ball 2-0: Called Strike 2-1: Ball 3-1: Foul Ball, location: 2F 3-2: Ground out 6-3 (Groundball, 6, EV 100.0 MPH)
|
| Bottom of the 3rd over - 1 run, 1 hit, 0 errors, 0 left on base; Bozeman 1 - Magic Valley 2 |
| TOP OF THE 4TH |
|
Bozeman Pheasants batting - Pitching for Magic Valley Magicians : RHP Kevin Aitcheson
|
|
Batting: LHB Fred McGriff
|
0-0: Called Strike 0-1: Called Strike 0-2: Ball 1-2: Ball 2-2: SINGLE (Line Drive, 4D, EV 101.3 MPH)
|
|
Batting: RHB Terry McGriff
|
0-0: Called Strike 0-1: Ball 1-1: Ball 2-1: Ball Fred McGriff is caught stealing 2nd base 2-4 3-1: Base on Balls
|
|
Batting: LHB Russ Orrick
|
0-0: Fly out, F7 (Flyball, 7D, EV 85.6 MPH)
|
|
Batting: LHB Billy Fink
|
0-0: Fly out, F9 (Flyball, 89S, EV 70.6 MPH)
|
| Top of the 4th over - 0 runs, 1 hit, 0 errors, 1 left on base; Bozeman 1 - Magic Valley 2 |
| BOTTOM OF THE 4TH |
|
Magic Valley Magicians batting - Pitching for Bozeman Pheasants : RHP Jim Gott
|
|
Batting: RHB Matt Cimo
|
0-0: Foul Ball, location: 2F 0-1: Swinging Strike 0-2: Strikes out swinging
|
|
Batting: RHB Jason Felice
|
0-0: Called Strike 0-1: Fly out, F7 (Line Drive, 7, EV 91.9 MPH)
|
|
Batting: RHB Terry Steinbach
|
0-0: Swinging Strike 0-1: Called Strike 0-2: Ball 1-2: SOLO HOME RUN (Flyball, 7D, EV 108.8 MPH), Distance : 361 ft
|
|
Batting: RHB Kevin Ward
|
0-0: Ground out 5-3 (Groundball, 56, EV 88.1 MPH)
|
| Bottom of the 4th over - 1 run, 1 hit, 0 errors, 0 left on base; Bozeman 1 - Magic Valley 3 |
| TOP OF THE 5TH |
|
Bozeman Pheasants batting - Pitching for Magic Valley Magicians : RHP Kevin Aitcheson
|
|
Batting: RHB Tom Duggan
|
0-0: Foul Ball, location: 2F 0-1: Ground out 6-3 (Groundball, 6, EV 90.6 MPH)
|
|
Batting: RHB Greg Toler
|
0-0: Foul Ball, location: 2F 0-1: Ball 1-1: Ground out 6-3 (Groundball, 56, EV 104.4 MPH)
|
|
Batting: RHB John Duncan
|
0-0: DOUBLE (Line Drive, 89D, EV 106.3 MPH)
|
|
Batting: LHB Kal Daniels
|
0-0: Foul Ball, location: 2F 0-1: Ball 1-1: Swinging Strike 1-2: Foul Ball, location: 2F 1-2: Ball 2-2: Foul Ball, location: 2F 2-2: DOUBLE (Line Drive, 78XD, EV 105.6 MPH) John Duncan scores
|
|
Pitching: LHP Terrence Nocera
|
|
|
Batting: SHB Marlin Methven
|
0-0: Fly out, F8 (Flyball, 8RM, EV 79.4 MPH)
|
| Top of the 5th over - 1 run, 2 hits, 0 errors, 1 left on base; Bozeman 2 - Magic Valley 3 |
| BOTTOM OF THE 5TH |
|
Magic Valley Magicians batting - Pitching for Bozeman Pheasants : RHP Jim Gott
|
|
Batting: RHB Hank Landers
|
0-0: Called Strike 0-1: Swinging Strike 0-2: Foul Ball, location: 2F 0-2: Foul Ball, location: 2F 0-2: Ball 1-2: Ball 2-2: Ball 3-2: DOUBLE (Line Drive, 8LXD, EV 108.1 MPH)
|
|
Batting: RHB Terry Edwards
|
0-0: Called Strike 0-1: Ball 1-1: Ball 2-1: Fly out, F8 (Flyball, 8LS, EV 87.5 MPH)
|
|
Batting: RHB James Dennett
|
0-0: Foul Ball, location: 2F 0-1: Ball 1-1: SINGLE (Groundball, 56D, EV 103.1 MPH) Hank Landers to third Runner from 3rd tries for Home, SAFE, throw by LF to home
|
|
Batting: RHB Willie Lozado
|
0-0: Ball 1-0: Called Strike 1-1: Ball 2-1: Fielders Choice at 2nd, 1-4 (Groundball, 25, EV 64.4 MPH)
|
|
Batting: RHB Marlin McPhail
|
0-0: Ball Willie Lozado steals 2nd base (no throw) 1-0: Ball 2-0: Ball 3-0: Called Strike 3-1: Foul Ball, location: 2F 3-2: Strikes out looking
|
| Bottom of the 5th over - 1 run, 2 hits, 0 errors, 1 left on base; Bozeman 2 - Magic Valley 4 |
| TOP OF THE 6TH |
|
Bozeman Pheasants batting - Pitching for Magic Valley Magicians : LHP Terrence Nocera
|
|
Batting: LHB Fred McGriff
|
0-0: Fly out, F8 (Flyball, 8RM, EV 89.4 MPH)
|
|
Batting: RHB Terry McGriff
|
0-0: Swinging Strike 0-1: Swinging Strike 0-2: Ball 1-2: Ball 2-2: SINGLE (Groundball, 4, EV 89.4 MPH) (infield hit)
|
|
Batting: LHB Russ Orrick
|
0-0: Foul Ball, location: 2F 0-1: Ball 1-1: Ball 2-1: Ball 3-1: Foul Ball, location: 2F 3-2: Foul Ball, location: 2F 3-2: Foul Ball, location: 2F 3-2: Fly out, F8 (Flyball, 8LD, EV 96.9 MPH)
|
|
Batting: LHB Billy Fink
|
0-0: SINGLE (Flyball, 3D, EV 89.4 MPH) Terry McGriff to second Runner from 2nd tries for 3rd, SAFE, no throw by RF
|
|
Batting: RHB Tom Duggan
|
0-0: Ball 1-0: Called Strike 1-1: Ball 2-1: Swinging Strike 2-2: Ground out 1-3 (Groundball, 13S, EV 71.9 MPH)
|
| Top of the 6th over - 0 runs, 2 hits, 0 errors, 2 left on base; Bozeman 2 - Magic Valley 4 |
| BOTTOM OF THE 6TH |
|
Magic Valley Magicians batting - Pitching for Bozeman Pheasants : RHP Jim Gott
|
|
Batting: RHB Matt Cimo
|
0-0: Ball 1-0: Fly out, F4 (Popup, 4S, EV 74.4 MPH)
|
|
Batting: RHB Jason Felice
|
0-0: Called Strike 0-1: Ball 1-1: Foul Ball, location: 2F 1-2: Ball 2-2: Strikes out swinging
|
|
Batting: RHB Terry Steinbach
|
0-0: Ball 1-0: Foul Ball, location: 2F 1-1: Foul Ball, location: 2F 1-2: Foul Ball, location: 2F 1-2: Ball 2-2: Ground out 4-3 (Groundball, 4, EV 82.5 MPH)
|
| Bottom of the 6th over - 0 runs, 0 hits, 0 errors, 0 left on base; Bozeman 2 - Magic Valley 4 |
| TOP OF THE 7TH |
|
Bozeman Pheasants batting - Pitching for Magic Valley Magicians : LHP Terrence Nocera
|
|
Batting: RHB Greg Toler
|
0-0: Swinging Strike 0-1: Called Strike 0-2: Ground out 6-3 (Groundball, 6, EV 102.5 MPH)
|
|
Batting: RHB John Duncan
|
0-0: Ground out 5-3 (Groundball, 5, EV 83.8 MPH)
|
|
Batting: LHB Kal Daniels
|
0-0: Called Strike 0-1: Ball 1-1: Foul Ball, location: 2F 1-2: Fly out, F8 (Flyball, 8RXD, EV 102.5 MPH)
|
| Top of the 7th over - 0 runs, 0 hits, 0 errors, 0 left on base; Bozeman 2 - Magic Valley 4 |
| BOTTOM OF THE 7TH |
|
Magic Valley Magicians batting - Pitching for Bozeman Pheasants : RHP Jim Gott
|
|
Batting: RHB Kevin Ward
|
0-0: Ball 1-0: Ground out 5-3 (Groundball, 56, EV 88.8 MPH)
|
|
Batting: RHB Hank Landers
|
0-0: Ball 1-0: Called Strike 1-1: Fly out, F7 (Flyball, 7S, EV 93.8 MPH)
|
|
Batting: RHB Terry Edwards
|
0-0: Ball 1-0: Called Strike 1-1: Ball 2-1: Foul Ball, location: 2F 2-2: Foul Ball, location: 2F 2-2: Strikes out looking
|
| Bottom of the 7th over - 0 runs, 0 hits, 0 errors, 0 left on base; Bozeman 2 - Magic Valley 4 |
| TOP OF THE 8TH |
|
Bozeman Pheasants batting - Pitching for Magic Valley Magicians : LHP Terrence Nocera
|
|
Batting: SHB Marlin Methven
|
0-0: Ball 1-0: Swinging Strike 1-1: Ball 2-1: Swinging Strike 2-2: Foul Ball, location: 2F 2-2: Foul Ball, location: 2F 2-2: Ball 3-2: Foul Ball, location: 2F 3-2: Base on Balls
|
|
Batting: LHB Fred McGriff
|
0-0: Ball 1-0: Ball 2-0: Ball 3-0: Called Strike 3-1: Called Strike 3-2: Foul Ball, location: 2F 3-2: Base on Balls Marlin Methven to second
|
|
Batting: RHB Terry McGriff
|
0-0: Ball 1-0: Ball 2-0: SINGLE (Groundball, 6MD, EV 95.0 MPH) Marlin Methven to third Fred McGriff to second
|
|
Pinch Hitting: RHB Thomas Fettig
|
0-0: Fly out, F8 (Flyball, 8RM, EV 83.8 MPH) Runner from 3rd tags up, SCORES, throw by CF Fred McGriff to third
|
|
Pinch Hitting: RHB Mike Berger
|
0-0: Ball 1-0: Fly out, F8 (Flyball, 89M, EV 98.1 MPH)
|
|
Batting: RHB Tom Duggan
|
0-0: Called Strike 0-1: Ball 1-1: Foul Ball, location: 2F 1-2: Fly out, F5 (Popup, 5D, EV 63.1 MPH)
|
| Top of the 8th over - 1 run, 1 hit, 0 errors, 2 left on base; Bozeman 3 - Magic Valley 4 |
| BOTTOM OF THE 8TH |
|
Magic Valley Magicians batting - Pitching for Bozeman Pheasants : RHP Jim Gott
|
|
Now in LF: Cory Bridges
|
|
|
Now in CF: Charles Penigar
|
|
|
Batting: RHB James Dennett
|
0-0: Ball 1-0: Called Strike 1-1: Ball 2-1: Ball 3-1: Base on Balls
|
|
Batting: RHB Willie Lozado
|
0-0: Ball 1-0: Foul Ball, location: 2F 1-1: Foul Ball, location: 2F 1-2: Fly out, F3 (Flyball, 3D, EV 76.3 MPH)
|
|
Batting: RHB Marlin McPhail
|
0-0: Ball 1-0: Foul Ball, location: 2F 1-1: Called Strike 1-2: Foul Ball, location: 2F 1-2: Foul Ball, location: 2F 1-2: Foul Ball, location: 2F 1-2: Ball 2-2: Fly out, F4 (Line Drive, 4, EV 65.6 MPH)
|
|
Batting: RHB Matt Cimo
|
0-0: Called Strike 0-1: Called Strike 0-2: Ball 1-2: Ball 2-2: Ball 3-2: Ground out 5-3 (Groundball, 56, EV 84.4 MPH)
|
| Bottom of the 8th over - 0 runs, 0 hits, 0 errors, 1 left on base; Bozeman 3 - Magic Valley 4 |
| TOP OF THE 9TH |
|
Bozeman Pheasants batting - Pitching for Magic Valley Magicians : LHP Terrence Nocera
|
|
Now at SS: Manny Ramirez
|
|
|
Batting: RHB Greg Toler
|
0-0: Ball 1-0: Foul Ball, location: 2F 1-1: Called Strike 1-2: SINGLE (Flyball, 78S, EV 95.0 MPH)
|
|
Batting: RHB John Duncan
|
0-0: Swinging Strike 0-1: Ball 1-1: Ball Wild Pitch! Greg Toler to second 2-1: Foul Ball, location: 2F 2-2: Ball 3-2: Foul Ball, location: 2F 3-2: Base on Balls
|
|
Pitching: RHP Bill Boddy
|
|
|
Batting: LHB Kal Daniels
|
0-0: Ball 1-0: Ball 2-0: Ball 3-0: Called Strike 3-1: Foul Ball, location: 2F 3-2: SINGLE (Line Drive, 9S, EV 106.3 MPH) Greg Toler to third John Duncan to second Runner from 3rd tries for Home, SAFE, throw by RF to home
|
|
Batting: SHB Marlin Methven
|
0-0: Bunted foul 0-1: Bunt - Flyout to 15S! F1
|
|
Batting: LHB Fred McGriff
|
0-0: Foul Ball, location: 2F 0-1: Ball 1-1: Ball Wild Pitch! John Duncan to third Kal Daniels to second 2-1: Intentional Walk
|
|
Batting: RHB Terry McGriff
|
0-0: Grounds into double play, 4-2-3 (Groundball, 4, EV 78.1 MPH)
|
| Top of the 9th over - 1 run, 2 hits, 0 errors, 2 left on base; Bozeman 4 - Magic Valley 4 |
| BOTTOM OF THE 9TH |
|
Magic Valley Magicians batting - Pitching for Bozeman Pheasants : RHP Jim Gott
|
|
Batting: RHB Jason Felice
|
0-0: Swinging Strike 0-1: Fly out, F4 (Popup, 4, EV 52.5 MPH)
|
|
Batting: RHB Terry Steinbach
|
0-0: Ground out 6-3 (Groundball, 6, EV 98.8 MPH)
|
|
Batting: RHB Kevin Ward
|
0-0: Ball 1-0: Foul Ball, location: 2F 1-1: Ball 2-1: SINGLE (Groundball, 5S, EV 64.4 MPH) (infield hit)
|
|
Batting: RHB Hank Landers
|
0-0: Fly out, F8 (Flyball, 8RD, EV 102.5 MPH)
|
| Bottom of the 9th over - 0 runs, 1 hit, 0 errors, 1 left on base; Bozeman 4 - Magic Valley 4 |
| TOP OF THE 10TH |
|
Bozeman Pheasants batting - Pitching for Magic Valley Magicians : RHP Bill Boddy
|
|
Pinch Hitting: LHB Billy Jo Robidoux
|
0-0: Fly out, F5 (Popup, 5SF, EV 88.8 MPH)
|
|
Batting: RHB Cory Bridges
|
0-0: Ball 1-0: Ball 2-0: Ball 3-0: Called Strike 3-1: Fly out, F4 (Popup, 34S, EV 70.0 MPH)
|
|
Pinch Hitting: LHB Ronald Kelly
|
0-0: Swinging Strike 0-1: Ball 1-1: Called Strike 1-2: Fly out, F7 (Flyball, 7, EV 87.5 MPH)
|
| Top of the 10th over - 0 runs, 0 hits, 0 errors, 0 left on base; Bozeman 4 - Magic Valley 4 |
| BOTTOM OF THE 10TH |
|
Magic Valley Magicians batting - Pitching for Bozeman Pheasants : RHP Jim Gott
|
|
Now at SS: Eduard Rodriguez
|
|
|
Now in CF: Willie Picchioni
|
|
|
Batting: RHB Terry Edwards
|
0-0: Ball 1-0: Fly out, F9 (Flyball, 89D, EV 107.5 MPH)
|
|
Pinch Hitting: SHB Bernardo Howard
|
0-0: Called Strike 0-1: Foul Ball, location: 2F 0-2: Fly out, F8 (Flyball, 8LXD, EV 107.5 MPH)
|
|
Batting: RHB Willie Lozado
|
0-0: SINGLE (Groundball, 34D, EV 96.3 MPH)
|
|
Pinch Hitting: RHB Michael Smith
|
0-0: Ball 1-0: Called Strike 1-1: Reached on error, E8 (Flyball, 8RD, EV 90.0 MPH) Willie Lozado to third
|
|
Batting: RHB Matt Cimo
|
0-0: Called Strike 0-1: Swinging Strike 0-2: Ball 1-2: Foul Ball, location: 2F 1-2: Strikes out looking
|
| Bottom of the 10th over - 0 runs, 1 hit, 1 error, 2 left on base; Bozeman 4 - Magic Valley 4 |
| TOP OF THE 11TH |
|
Bozeman Pheasants batting - Pitching for Magic Valley Magicians : RHP Bill Boddy
|
|
Now at C: Michael Smith
|
|
|
Now at 2B: Fred Bogart
|
|
|
Pinch Hitting: LHB David Nix
|
0-0: Fly out, F8 (Line Drive, 8LM, EV 89.4 MPH)
|
|
Pinch Hitting: LHB Steve Padia
|
0-0: Ball 1-0: Ball 2-0: Ball 3-0: Base on Balls
|
|
Batting: LHB Kal Daniels
|
0-0: Ball 1-0: Called Strike 1-1: Ball 2-1: Fly out, F9 (Flyball, 9LM, EV 105.0 MPH)
|
|
Batting: SHB Marlin Methven
|
0-0: Ball Wild Pitch! Steve Padia to second 1-0: Ball 2-0: Foul Ball, location: 2F 2-1: Swinging Strike 2-2: Foul Ball, location: 2F 2-2: Foul Ball, location: 2F 2-2: Ball 3-2: Foul Ball, location: 2F 3-2: Base on Balls
|
|
Batting: LHB Fred McGriff
|
0-0: SINGLE (Groundball, 4S, EV 65.6 MPH) (infield hit) Steve Padia to third Marlin Methven to second
|
|
Batting: RHB Terry McGriff
|
0-0: Ball 1-0: SINGLE (Groundball, 4MD, EV 100.6 MPH) Steve Padia scores Marlin Methven to third Fred McGriff to second Runner from 3rd tries for Home, SAFE, throw by CF to home
|
|
Batting: RHB Willie Picchioni
|
0-0: SINGLE (Groundball, 34D, EV 103.1 MPH) Fred McGriff to third Terry McGriff to second Runner from 3rd tries for Home, SAFE, throw by RF to home
|
|
Batting: RHB Cory Bridges
|
0-0: Ball 1-0: Ball 2-0: Ball 3-0: Base on Balls Terry McGriff to third Willie Picchioni to second
|
|
Batting: RHB Eduard Rodriguez
|
0-0: Foul Ball, location: 2F 0-1: Foul Ball, location: 2F 0-2: SINGLE (Line Drive, 8RS, EV 92.5 MPH) Terry McGriff scores Willie Picchioni to third Cory Bridges to second Runner from 3rd tries for Home, SAFE, throw by CF to home
|
|
Batting: LHB David Nix
|
0-0: Ball 1-0: Swinging Strike 1-1: Ball 2-1: Foul Ball, location: 2F 2-2: SINGLE (Groundball, 4D, EV 96.3 MPH) Cory Bridges to third Eduard Rodriguez to second Runner from 3rd tries for Home, SAFE, throw by RF to home
|
|
Batting: LHB Steve Padia
|
0-0: Ball 1-0: Ball 2-0: Ground out U3 (Groundball, 3L, EV 85.0 MPH)
|
| Top of the 11th over - 6 runs, 5 hits, 0 errors, 2 left on base; Bozeman 10 - Magic Valley 4 |
| BOTTOM OF THE 11TH |
|
Magic Valley Magicians batting - Pitching for Bozeman Pheasants : RHP Jim Gott
|
|
Now at C: Steve Padia
|
|
|
Now at 3B: David Nix
|
|
|
Batting: RHB Jason Felice
|
0-0: Fly out, F7 (Flyball, 78M, EV 79.4 MPH)
|
|
Batting: RHB Terry Steinbach
|
0-0: Ball 1-0: Ball 2-0: Foul Ball, location: 2F 2-1: Ball 3-1: SINGLE (Line Drive, 3D, EV 111.3 MPH)
|
|
Batting: RHB Kevin Ward
|
0-0: Swinging Strike 0-1: Swinging Strike 0-2: Foul Ball, location: 2F 0-2: Ball 1-2: Foul Ball, location: 2F 1-2: Foul Ball, location: 2F 1-2: Strikes out swinging
|
|
Pitching: LHP Cesar Maldonado
|
|
|
Batting: RHB Hank Landers
|
0-0: Foul Ball, location: 2F 0-1: Foul Ball, location: 2F 0-2: Ball 1-2: Strikes out looking
|
| Bottom of the 11th over - 0 runs, 1 hit, 0 errors, 1 left on base; Bozeman 10 - Magic Valley 4 |
|